 Dungeon Crawl Stone Soup version 0.31-a0-145-g046c7d2549 (webtiles) character file.

Game seed: 11839963334725487880

1862 lessens the Basher (level 9, -3/64 HPs)
             Began as a Formicid Fighter on June 6, 2023.
             Slain by an ogre
             ... wielding a +0 giant spiked club
              (21 damage)
             ... on level 6 of the Dungeon.
             The game lasted 00:06:01 (5226 turns).

lessens the Basher (Formicid Fighter)               Turns: 5226, Time: 00:06:02

Health: -3/64      AC:  6    Str: 30    XL:     9   Next: 35%
Magic:  9/9        EV:  9    Int:  9    God:
Gold:   211        SH: 10    Dex: 13    Spells: 8/8 levels left

rFire   . . .        t - +1 flail (drain)
rCold   . . .        c - +0 buckler
rNeg    . . .        b - +0 scale mail
rPois   .            (helmet unavailable)
rElec   .            (no cloak)
rCorr   .            (no gloves)
SInv    +            (no boots)
Will    .....        v - amulet of reflection Stlth
                     k - +6 ring of strength
HPRegen 0.30/turn    (no ring)
MPRegen 0.11/turn

%: reflection
@: mighty
A: permanent stasis, dig shafts and tunnels, antennae 3, four strong arms
a: Dig, Shaft Self


You were on level 6 of the Dungeon.
You visited 2 branches of the dungeon, and saw 7 of its levels.

You collected 211 gold pieces.

Inventory:

Hand Weapons
 a - a +0 flail
 t - a +1 flail of draining (weapon)
Missiles
 h - 8 javelins
 l - 26 stones
 m - 6 poisoned darts
 G - a throwing net
Armour
 b - a +0 scale mail (worn)
 c - a +0 buckler (worn)
 n - a scarf of invisibility
 u - a scarf of harm
Jewellery
 k - a +6 ring of strength (left hand)
 v - an amulet of reflection (around neck)
 F - a ring of magical power
 J - the ring "Tunnen" {Fire Will+}
   (You found it on level 6 of the Dungeon)

   [ring of fire]

   It enhances your fire magic.
   rF:        It protects you from fire.
   rC:        It makes you vulnerable to cold.
   Will:      It increases your willpower.
Wands
 y - a wand of iceblast (11)
 A - a wand of mindburst (5)
 C - a wand of charming (4)
 E - a wand of acid (13)
 I - a wand of flame (18)
Scrolls
 f - a scroll of identify {unknown}
 i - a scroll of blinking {unknown}
 p - a scroll of magic mapping {unknown}
 q - a scroll of immolation {unknown}
 r - 2 scrolls of teleportation {unknown}
 z - 2 scrolls of fog {unknown}
 B - 2 scrolls of brand weapon {unknown}
Potions
 d - a potion of might
 e - a potion of invisibility
 g - a potion of curing {unknown}
 j - a potion of berserk rage {unknown}
 o - a potion of attraction {unknown}
 s - 2 potions of heal wounds {unknown}
 w - 4 potions of haste {unknown}
 x - 2 potions of lignification {unknown}
 D - a potion of mutation {unknown}
 H - a potion of brilliance {unknown}


   Skills:
 - Level 3.2 Fighting
 + Level 11.7 Maces & Flails
 - Level 3.2 Armour
 - Level 4.0 Shields


You had 8 spell levels left.
You didn't know any spells.
Your spell library contained the following spells:

 Spells                   Type           Power      Damage    Failure   Level
 Magic Dart               Conj           0%         1d3       67%         1
 Searing Ray              Conj           0%         2d4       82%         2
 Dazzling Flash           Conj/Hex       0%         N/A       96%         3
 Volatile Blastmotes      Fire/Tloc      0%         2d10      96%         3
 Fulminant Prism          Conj/Hex       0%         3d5       100%        4
 Iskenderun's Mystic Bla  Conj/Tloc      0%         2d3       100%        4
 Starburst                Conj/Fire      0%         6d3       100%        6


Dungeon Overview and Level Annotations

Branches:
Dungeon (6/15) Zot: 26686  Temple (1/1) D:6 Zot: 5765

Altars:
Ashenzari
Cheibriados
Dithmenos
Elyvilon
Hepliaklqana
Makhleb
Qazlal
Sif Muna
Trog
Uskayaw
Yredelemnul
Zin
The Shining One

Shops:
D:4 :

Annotations:
D:5 3 runed translucent doors, Esekla's ghost, amateur OpDe


Innate Abilities, Weirdness & Mutations

You cannot be hasted, slowed, berserked, paralysed or teleported.
You can dig through walls and to a lower floor.
You have a pair of large antennae on your head. (SInv)
Your four strong arms can wield two-handed weapons with a shield.


Message History

The centaur shoots an arrow.
You block the arrow with an invisible shield... and reflect it back!
The arrow hits the centaur.
The orc barely misses you.
You bludgeon the gnoll sergeant!!
The gnoll sergeant is almost dead.
You block the orc's attack. The gnoll sergeant barely misses you.
You hit the gnoll sergeant.
You kill the gnoll sergeant!
The orc hits you but does no damage.
The centaur unwields a +0 orcbow.
You block the centaur's attack. x2
You thump the centaur!
You kill the centaur!
You block the orc's attack.
You closely miss the ufetubus. You block the ufetubus's attack.
The ufetubus hits you but does no damage.
You block the orc's attack.
You miss the ufetubus. You block the ufetubus's attack.
The ufetubus misses you.
You miss the ufetubus. You block the ufetubus's attack.
The ufetubus barely misses you. You block the orc's attack.
You block the ufetubus's attack.
The ufetubus hits you but does no damage.
You thump the ufetubus!
You kill the ufetubus!
You block the orc's attack.
You closely miss the ice beast. You block the ice beast's attack.
The orc hits you from afar with a +0 trident.
You sock the ice beast!
The ice beast is heavily wounded.
The ice beast hits you but does no damage.
The orc hits you from afar with a +0 trident.
* * * LOW HITPOINT WARNING * * *
You sock the ice beast! You drain the ice beast.
You kill the ice beast!
The orc hits you from afar with a +0 trident.
* * * LOW HITPOINT WARNING * * *
You completely miss the ogre. You block the orc's attack.
The ogre hits you with a +0 giant spiked club!!
You die...

###.### #...# #
###.8.### ##. ####
.##...#[## #.# .$?##
..##.##..## #.# ..[.#
.†........# #.# .[.[#
..........### #.#
..).#
.>..........###.##.[Y
..........#.....@#)#
..........#####.#Oo#
..........# #...##{
.........## ##..# {
.##.....## #..#
######### #..# { #...
###.. #


You could see an ogre and an orc.

Vanquished Creatures
  Sigmund (D:3)
  A wyvern (D:6)
  An orc warrior (D:6)
  2 ice beasts
  A black bear (D:5)
  2 phantoms
  A centaur (D:6)
  2 bullfrogs (D:6)
  2 gnoll sergeants
  Blork the orc (D:5)
  A bullfrog zombie (D:5)
  A centaur zombie (D:5)
  3 hounds (D:5)
  2 orc priests (D:4)
  A jelly (D:6)
  3 iguanas
  Natasha (thrice) (D:4)
  An orc wizard (D:4)
  8 gnolls
  5 adders
  A shadow imp (D:5)
  2 white imps (D:5)
  An ufetubus (D:6)
  2 dart slugs
  8 orcs
  4 ball pythons
  6 endoplasms
  3 giant cockroaches
  6 goblins
  5 hobgoblins
  12 jackals
  4 quokkas
  3 bats (D:1)
  3 frilled lizards
  4 kobolds
  2 rats
108 creatures vanquished.

Notes
Turn   | Place    | Note
-------+----------+-------------------------------------------
     0 | D:1      | lessens the Formicid Fighter began the quest for the Orb.
     0 | D:1      | Reached XP level 1. HP: 18/18 MP: 1/1
   196 | D:1      | Reached XP level 2. HP: 23/24 MP: 2/2
   214 | D:1      | Reached skill level 3 in Maces & Flails
   357 | D:1      | Reached XP level 3. HP: 18/29 MP: 3/3
   775 | D:2      | Reached skill level 4 in Maces & Flails
   775 | D:2      | Reached XP level 4. HP: 31/35 MP: 4/4
  1814 | D:3      | Noticed Sigmund
  2030 | D:3      | Killed Sigmund
  2031 | D:3      | Reached skill level 6 in Maces & Flails
  2031 | D:3      | Reached XP level 5. HP: 27/41 MP: 5/5
  2031 | D:3      | Reached XP level 6. HP: 31/47 MP: 6/6
  2881 | D:4      | Found Fof Okot's Book Emporium.
  3091 | D:4      | Reached XP level 7. HP: 37/52 MP: 7/7
  3210 | D:4      | Reached skill level 7 in Maces & Flails
  3436 | D:4      | Noticed Natasha
  3441 | D:4      | Killed Natasha
  3503 | D:4      | Reached skill level 8 in Maces & Flails
  3522 | D:4      | Noticed Natasha
  3527 | D:4      | Killed Natasha
  3646 | D:4      | Noticed Natasha
  3656 | D:4      | Killed Natasha
  3720 | D:5      | Entered Level 5 of the Dungeon
  3773 | D:5      | Reached XP level 8. HP: 46/58 MP: 8/8
  3854 | D:5      | Noticed Blork the orc
  3863 | D:5      | Killed Blork the orc
  3961 | D:5      | Reached skill level 9 in Maces & Flails
  4448 | D:5      | Found a runed translucent gate.
  4448 | D:5      | Found a runed translucent gate.
  4448 | D:5      | Found a runed translucent gate.
  4448 | D:5      | Noticed Esekla's ghost (amateur OpDe)
  4450 | D:5      | Found a basalt altar of Yredelemnul.
  4738 | D:6      | Found a staircase to the Ecumenical Temple.
  4747 | Temple   | Entered the Ecumenical Temple
  5000 | D:6      | Reached skill level 10 in Maces & Flails
  5038 | D:6      | Identified the ring "Tunnen" {Fire Will+}
  5066 | D:6      | Noticed a wyvern
  5079 | D:6      | Killed a wyvern
  5204 | D:6      | Reached XP level 9. HP: 44/64 MP: 9/9
  5209 | D:6      | Reached skill level 11 in Maces & Flails
  5226 | D:6      | Slain by an ogre

Illustrated notes

Levels and vault maps discovered:
D:1:      ncdulo_wetmaze, layout_rooms, minmay_misc_feat_alley,
          minmay_fountain_box, minmay_misc_feat_more_columns
D:2:      layout_basic, kennysheep_generic_room_9
D:3:      layout_basic, uniq_sigmund
D:4:      layout_loops_cross, serial_shops, nicolae_diamond_shop,
          lightli_minifort, uniq_natasha
D:5:      layout_cave_pools, nicolae_yredelemnul_ghost_church,
          small_statue_intersection, uniq_blork_the_orc
D:6:      cheibrodos_iron_armory, layout_rooms,
          minmay_temple_entry_antechambers, minmay_joined_circles
Temple:   nicolae_temple_slightly_damp_pantheon

Skill      XL: |  1  2  3  4  5  6  7  8  9 |
---------------+----------------------------+-----
Maces & Flails | 3 4 6 8 10 11 | 11.7
Fighting       | |  3.2
Armour         | |  3.2
Shields        | |  4.0

Action                     |  1- 3 |  4- 6 |  7- 9 || total
---------------------------+-------+-------+-------++-------
  Melee: Flail             |    82 |   105 |   181 ||   368
    Use: Potion            |       |     1 |     1 ||     2
   Stab: Invisible         |       |     1 |       ||     1
 Armour: Scale mail        |    51 |    27 |    52 ||   130
  Dodge: Dodged            |    60 |    31 |    59 ||   150
  Block: Buckler           |    22 |    35 |    91 ||   148
         Reflection        |       |       |     4 ||     4

Table legend: (Time is in decaauts)
 A = Elapsed time spent in this place.
 B = Non-inter-level travel time spent in this place.
 C = Inter-level travel time spent in this place.
 D = Time resting spent in this place.
 E = Time spent auto-exploring this place.
 F = Levels seen in this place.
 G = Mean time per level.
                   A        B        C        D        E       F      G
               +--------+--------+--------+--------+--------+-----+--------+
         Total |   5269 |   5037 |    232 |     25 |   4155 |   7 |  752.7 |
       Dungeon |   5034 |   4819 |    215 |     25 |   3950 |   6 |  839.0 |
        Temple |    234 |    217 |     17 |      0 |    205 |   1 |  234.0 |
               +--------+--------+--------+--------+--------+-----+--------+

Top non-repeatable levels by time:
     D:2: 1191 daAuts
     D:4: 1059 daAuts
     D:5: 949 daAuts
     D:3: 855 daAuts
     D:1: 665 daAuts
     D:6: 312 daAuts
  Temple: 234 daAuts

Levels and vault maps discovered:
D:1:      ncdulo_wetmaze, layout_rooms, minmay_misc_feat_alley,
          minmay_fountain_box, minmay_misc_feat_more_columns
D:2:      layout_basic, kennysheep_generic_room_9
D:3:      layout_basic, uniq_sigmund
D:4:      layout_loops_cross, serial_shops, nicolae_diamond_shop,
          lightli_minifort, uniq_natasha
D:5:      layout_cave_pools, nicolae_yredelemnul_ghost_church,
          small_statue_intersection, uniq_blork_the_orc
D:6:      cheibrodos_iron_armory, layout_rooms,
          minmay_temple_entry_antechambers, minmay_joined_circles
Temple:   nicolae_temple_slightly_damp_pantheon
